 Dungeon Crawl Stone Soup version 0.18-a0-1778-gadce9fa (webtiles) character file.

8 Cathrinf the Conjurer (level 2, 0/11 HPs)
             Began as a Felid Conjurer on Apr 16, 2016.
             Slain by a ball python (2 damage)
             ... on level 1 of the Dungeon.
             The game lasted 00:06:41 (164 turns).

Cathrinf the Conjurer (Felid Conjurer)               Turns: 164, Time: 00:06:41

Health: 0/11       AC:  1    Str:  4    XL:     2   Next: 0%
Magic:  6/6        EV: 15    Int: 16    God:
Gold:   0          SH:  0    Dex: 16    Spells: 1 memorised, 4 levels left
                                        Lives:  0   Deaths: 0

rFire  . . .     SeeInvis +     (weapon unavailable)
rCold  . . .     Gourm    .     (armour unavailable)
rNeg   . . .     Faith    .     (shield unavailable)
rPois  .         Spirit   .     (helmet unavailable)
rElec  .         Dismiss  .     (cloak unavailable)
rCorr  .         Reflect  .     (gloves unavailable)
SustAt .         Harm     .     (boots unavailable)
MR     .....                    (no amulet)
Stlth  ++........               (no ring)
                                (no ring)

@: flying, constricted, quick, not resistant to hostile enchantments, unstealthy
A: no armour, no weapons or thrown items, claws 1, fangs 3, see invisible,
carnivore 3, speed 1, shaggy fur 1, slow metabolism 1, sharp paws
a: no special abilities


You were on level 1 of the Dungeon.
You were not hungry.

You visited 1 branch of the dungeon, and saw 1 of its levels.

Inventory:

Hand Weapons
 c - a +0 mace
 f - a +0 short sword
 g - a +0 club
 h - a +0 dagger
Missiles
 d - 2 tomahawks
Armour
 i - a +0 ring mail
Scrolls
 e - a scroll of magic mapping {unknown}
Books
 a - a book of Conjurations

   Spells                             Type                      Level
   a - Magic Dart                     Conjuration                  1
   b - Searing Ray                    Conjuration                  2
   c - Dazzling Spray                 Conjuration/Hexes            3
   d - Fulminant Prism                Conjuration/Hexes            4
   e - Iskenderun's Mystic Blast      Conjuration                  4
   f - Iskenderun's Battlesphere      Conjuration/Charms           5
Comestibles
 b - a meat ration


   Skills:
 + Level 3.0 Dodging
 + Level 2.6 Stealth
 + Level 2.0 Spellcasting
 + Level 3.9 Conjurations


You had 4 spell levels left.
You knew the following spells:

 Your Spells              Type           Power        Failure   Level  Hunger
a - Magic Dart            Conj           ##..         6%          1    #......


Dungeon Overview and Level Annotations

Branches:
Dungeon (1/15)

Altars:


Innate Abilities, Weirdness & Mutations

You cannot wear armour.
You are incapable of wielding weapons or throwing items.
You have sharp claws.
You have razor-sharp teeth.
You have supernaturally acute eyesight.
You are carnivorous and can eat meat at any time.
You cover ground quickly.
You are covered in fur (AC +1).
You have a slow metabolism.
Your sharp claws are effective at attacking unaware monsters.


Message History

You kill the hobgoblin!
Your Dodging skill increases to level 3!
The goblin barely misses you.
You barely miss the goblin. The goblin misses you.
You closely miss the goblin. The goblin misses you.
You closely miss the goblin. The goblin completely misses you.
You barely miss the goblin. The ball python bites you.
* * * LOW HITPOINT WARNING * * *
The ball python closely misses you. The goblin misses you.
You scratch the goblin.
You kill the goblin!
You have reached level 2!
The ball python misses you. The ball python grabs you.
* * * LOW HITPOINT WARNING * * *
The ball python constricts you.
Drink which item? (? for menu, Esc to quit)
It was a potion of flight.
You feel very buoyant.
You fly up into the air.
The ball python bites you.
You die...

#.# #.#
#########.#
#.........#
#.######### #.#
#.# #####
#######†#......
......†@...#
......S).......
.......>.......
...........###.
...........#
....".......
...........##
...........#


You could see a ball python.

Vanquished Creatures
  A giant cockroach (D:1)
  3 goblins (D:1)
  2 hobgoblins (D:1)
  A rat (D:1)
7 creatures vanquished.

Notes
Turn   | Place    | Note
--------------------------------------------------------------
     0 | D:1      | Cathrinf the Felid Conjurer began the quest for the Orb.
     0 | D:1      | Reached XP level 1. HP: 7/7 MP: 4/4
   163 | D:1      | Reached XP level 2. HP: 3/11 MP: 6/6
   164 | D:1      | Slain by a ball python

Vault maps used:
D:1:      dpeg_arrival_more_subterranean_lakeside_camping

Skill      XL: |  1 |
---------------+----+-----
Dodging        | 3 |  3.0
Stealth        | |  2.6
Spellcasting   | |  2.0
Conjurations   | |  3.9

Action                   || total
-------------------------++-------
Melee: Unarmed           ||    17
  Use: Potion            ||     1
 Stab: Sleeping          ||     1
Dodge: Dodged            ||    15
